 Dungeon Crawl Stone Soup version 0.31-a0-200-gbc41564c69 (webtiles) character file.

Game seed: 2798538326723894447

744 qw the Skirmisher (level 7, -1/40 HPs)
             Began as a Deep Elf Hunter on June 25, 2023.
             Slain by a wyvern (12 damage)
             ... on level 7 of the Dungeon.
             The game lasted 00:01:17 (3014 turns).

qw the Skirmisher (Deep Elf Hunter)                 Turns: 3014, Time: 00:01:18

Health: -1/40      AC:  7    Str: 10    XL:     7   Next: 47%
Magic:  9/9        EV: 17    Int: 14    God:
Gold:   186        SH:  0    Dex: 18    Spells: 6/6 levels left

rFire   . . .        Y - +1 shortbow
rCold   . . .        (shield currently unavailable)
rNeg    . . .        f - +0 ring mail
rPois   .            c - +0 helmet
rElec   .            (no cloak)
rCorr   .            m - +0 pair of gloves
SInv    .            (no boots)
Will    .....        (no amulet)
Stlth   +            j - +5 ring of evasion
HPRegen 0.26/turn    (no ring)
MPRegen 0.11/turn

%: no passive effects
@: no status effects
A: no striking features
a: no special abilities


You were on level 7 of the Dungeon.
You visited 1 branch of the dungeon, and saw 5 of its levels.

You collected 186 gold pieces.


   Skills:
 - Level 2.6 Fighting
 + Level 10.0 Ranged Weapons
 - Level 2.6 Armour
 - Level 4.1 Dodging
 - Level 1.2 Stealth


You had 6 spell levels left.
You didn't know any spells.
Your spell library was empty.

Inventory:

Hand Weapons
 Y - a +1 shortbow (weapon)
Armour
 c - a +0 helmet (worn)
 f - a +0 ring mail (worn)
 m - a +0 pair of gloves (worn)
Jewellery
 j - a +5 ring of evasion (left hand)
Scrolls
 b - 2 scrolls of identify
Potions
 d - a potion of haste {unknown}
 e - a potion of attraction {unknown}
 g - a potion of berserk rage {unknown}
 l - a potion of lignification {unknown}

Dungeon Overview and Level Annotations

Branches:
Dungeon (4/15)
 Temple: D:4-7

Altars:
Ashenzari
Zin

Annotations:
D:4 3 runed translucent doors, qw's ghost, amateur DEHu


Message History

You are engulfed in a cloud of scalding steam.
The steam dragon misses you. The steam dragon closely misses you.
A wyvern comes into view.
You shoot an arrow.
The arrow barely misses the steam dragon.
The wyvern hisses angrily.
You are engulfed in a cloud of scalding steam.
The steam dragon bites you. The steam dragon claws you.
You shoot an arrow.
The arrow barely misses the steam dragon.
The steam dragon completely misses you. x2
You shoot an arrow. The arrow hits the steam dragon.
The steam dragon is heavily wounded.
You are engulfed in a cloud of scalding steam.
The steam dragon misses you.
The steam dragon claws you but does no damage.
You shoot an arrow. The arrow hits the steam dragon!
The steam dragon is severely wounded.
The wyvern is engulfed in a cloud of scalding steam.
The wyvern misses you. The steam dragon bites you!
The steam dragon barely misses you.
The wyvern is engulfed in a cloud of scalding steam.
The wyvern completely misses you.
You shoot an arrow. The arrow hits the steam dragon!
You kill the steam dragon!
The wyvern barely misses you.
Your Dodging skill gained 2 levels and is now at level 4!
You shoot an arrow.
The arrow hits the wyvern but does no damage.
The wyvern is moderately wounded.
The wyvern closely misses you. The wyvern misses you.
You shoot an arrow. The arrow barely misses the wyvern.
The wyvern misses you.
You shoot an arrow. The arrow barely misses the wyvern.
The wyvern misses you. The wyvern barely misses you.
You shoot an arrow. The arrow closely misses the wyvern.
The wyvern barely misses you. The wyvern bites you.
You shoot an arrow. The arrow barely misses the wyvern.
The wyvern bites you!
You die...

#.# ###### #.# #....#
.. #.# #....# ...
######.###....#######..
......................
######.#.#..........#
#...#####......# #####
#......# #..@l..#
##......#. #...........
#...........
#...........
#...........
#.........[.
#...........
#..........


You could see a wyvern.

Vanquished Creatures
  Sigmund (D:3)
  A steam dragon (D:7)
  A phantom (D:4)
  A scorpion (D:4)
  A howler monkey (D:4)
  A jelly (D:4)
  Terence (D:2)
  Natasha (twice) (D:2)
  2 orc wizards (D:3)
  4 gnolls (D:3)
  An adder (D:4)
  A shadow imp (D:4)
  2 worms
  3 orcs (D:3)
  6 endoplasms
  5 giant cockroaches
  11 goblins
  5 hobgoblins
  2 jackals (D:4)
  6 quokkas
  6 ball pythons
  6 bats
  3 frilled lizards
  7 kobolds
  5 rats
84 creatures vanquished.

Notes
Turn   | Place    | Note
-------+----------+-------------------------------------------
     0 | D:1      | qw the Deep Elf Hunter began the quest for the Orb.
     0 | D:1      | Reached XP level 1. HP: 12/12 MP: 3/3
     0 | D:1      | 0 ||| qw: Version: 0.3-a-22-g0ed2b0b
     0 | D:1      | 0 ||| qw: Game counter: 5643
     0 | D:1      | 0 ||| qw: Melee chars always use a shield: true
     0 | D:1      | 0 ||| qw: God list: Okawaru
     0 | D:1      | 0 ||| qw: Allow faded altars: false
     0 | D:1      | 0 ||| qw: Do Orc after clearing Dungeon:15 true
     0 | D:1      | 0 ||| qw: Do second Lair branch before Depths: true
     0 | D:1      | 0 ||| qw: Lair rune preference: random
     0 | D:1      | 0 ||| qw: Goals: Normal
     0 | D:1      | 0 ||| PLANNING D:1-11
   105 | D:1      | Found a faded altar of an unknown god.
   230 | D:1      | Reached XP level 2. HP: 16/16 MP: 4/4
   233 | D:1      | Reached skill level 6 in Ranged Weapons
   636 | D:1      | 636 ||| UPGRADING to +0 pair of gloves.
   641 | D:1      | 641 ||| UPGRADING to +5 ring of evasion.
   642 | D:1      | 642 ||| READING scroll labelled JEM BOYTHUSE.
   643 | D:1      | 643 ||| READING scroll labelled JYIRUE KOVVOEF.
   644 | D:1      | 644 ||| READING scroll labelled IHYELOULEI.
   645 | D:1      | 645 ||| READING 5 scrolls labelled NIMUGHY PELEU.
   646 | D:1      | 646 ||| READING scroll labelled TUEGHE SALLO.
   651 | D:1      | 651 ||| READING scroll labelled UBLURH SUCKE.
   652 | D:1      | 652 ||| DROPPING scroll of butterflies.
   653 | D:1      | 653 ||| DROPPING 4 scrolls of amnesia.
   682 | D:2      | 682 ||| STAIRDANCE
   713 | D:2      | Noticed Natasha
   720 | D:2      | Killed Natasha
   721 | D:2      | Reached XP level 3. HP: 7/20 MP: 5/5
   820 | D:2      | Reached skill level 7 in Ranged Weapons
   830 | D:2      | 830 ||| READING scroll labelled NEFEIT YCWYUT.
   860 | D:2      | Found a glowing silver altar of Zin.
  1228 | D:2      | Noticed Terence
  1245 | D:2      | Killed Terence
  1246 | D:2      | Reached XP level 4. HP: 15/25 MP: 6/6
  1259 | D:2      | Noticed Natasha
  1260 | D:2      | 1260 ||| FLEEEEING.
  1261 | D:2      | 1261 ||| FLEEEEING.
  1262 | D:2      | 1262 ||| FLEEEEING.
  1266 | D:2      | 1266 ||| FLEEEEING.
  1267 | D:2      | 1267 ||| FLEEEEING.
  1268 | D:2      | 1268 ||| STAIRDANCE
  1305 | D:1      | 1305 ||| READING scroll labelled OTAUJE XOCIRE.
  1350 | D:1      | 1350 ||| READING 2 scrolls of identify.
  1350 | D:1      | 1350 ||| IDENTIFYING lumpy emerald potion
  1351 | D:1      | 1351 ||| DROPPING potion of brilliance.
  1359 | D:2      | Killed Natasha
  1360 | D:2      | Reached skill level 8 in Ranged Weapons
  1475 | D:2      | 1475 ||| UPGRADING to +0 scale mail.
  1485 | D:2      | 1485 ||| DROPPING +0 leather armour.
  1554 | D:3      | 1554 ||| Stepping ~*~*~tactically~*~*~ (outnumbered).
  1556 | D:3      | 1556 ||| Stepping ~*~*~tactically~*~*~ (outnumbered).
  1561 | D:3      | 1561 ||| Stepping ~*~*~tactically~*~*~ (outnumbered).
  1565 | D:3      | Reached XP level 5. HP: 25/29 MP: 7/7
  1714 | D:3      | Reached skill level 9 in Ranged Weapons
  1855 | D:3      | Noticed Sigmund
  1861 | D:3      | Killed Sigmund
  1862 | D:3      | Reached XP level 6. HP: 34/34 MP: 8/8
  2164 | D:3      | Found a broken altar of Ashenzari.
  2358 | D:3      | 2358 ||| UPGRADING to +0 helmet.
  2363 | D:3      | 2363 ||| UPGRADING to +0 ring mail.
  2373 | D:3      | 2373 ||| DROPPING +0 scale mail.
  2652 | D:4      | Reached XP level 7. HP: 32/40 MP: 9/9
  2686 | D:4      | Noticed qw's ghost (amateur DEHu)
  2854 | D:4      | Found a runed translucent gate.
  2854 | D:4      | Found a runed translucent gate.
  2854 | D:4      | Found a runed translucent gate.
  2945 | D:4      | Reached skill level 10 in Ranged Weapons
  2959 | D:4      | You fall into a shaft and drop 3 floors!
  2997 | D:7      | Noticed a steam dragon
  3004 | D:7      | Noticed a wyvern
  3009 | D:7      | Killed a steam dragon
  3014 | D:7      | Slain by a wyvern

Levels and vault maps discovered:
D:1:      scummos_arrival_checkerplants, layout_basic,
          shapermc_ecumenical_altar_pompeii, chequers_serial_rivers_large_b,
          serial_bayou_ford_a
D:2:      layout_rooms, basic_altar, roderic_roman_lattice, skrybe_limestone_x,
          uniq_natasha, uniq_terence
D:3:      layout_loops_ring, mainiacjoe_overflow_alcove_1, uniq_sigmund
D:4:      layout_loops_corners, grunt_dithmenos_smoke, gammafunk_ghost_split,
          uniq_eustachio
D:7:      layout_basic, nicolae_overflow_hidden_temple

Skill      XL: |  1  2  3  4  5  6  7 |
---------------+----------------------+-----
Ranged Weapons | 6 7 8 9 10 | 10.0
Armour         | 2 |  2.6
Fighting       | 2 |  2.6
Dodging        | 4 |  4.1
Stealth        | |  1.2

Action                     |  1- 3 |  4- 6 |  7- 9 || total
---------------------------+-------+-------+-------++-------
  Melee: Unarmed           |     3 |     2 |       ||     5
   Fire: Shortbow          |   111 |   141 |    48 ||   300
    Use: Scroll            |     7 |     2 |       ||     9
 Armour: Leather armour    |     8 |       |       ||     8
         Skin              |     1 |       |       ||     1
         Scale mail        |       |    16 |       ||    16
         Ring mail         |       |    10 |     5 ||    15
  Dodge: Dodged            |    56 |    44 |    27 ||   127

Table legend:
 A = Non-vault XP
 B = Vault XP
 C = Vault XP percentage of total XP
 D = Non-vault monster count
 E = Vault monster count
 F = Vault count percentage of total count
                 A         B        C        D         E       F
            +---------+---------+-------+---------+---------+-------
      Total |     776 |     287 |  27.0 |      81 |       3 |   3.6
            +---------+---------+-------+---------+---------+-------
        D:1 |      22 |       0 |   0.0 |      15 |       0 |   0.0
        D:2 |      68 |      73 |  51.8 |      20 |       2 |   9.1
        D:3 |     169 |     214 |  55.9 |      27 |       1 |   3.6
        D:4 |     336 |       0 |   0.0 |      18 |       0 |   0.0
        D:7 |     181 |       0 |   0.0 |       1 |       0 |   0.0
            +---------+---------+-------+---------+---------+-------
